 Dungeon Crawl Stone Soup version 0.18-a0-1788-g92de1ac (webtiles) character file.

42361 Etesian the Severer (level 14, 0/124 (125) HPs)
             Began as a Hill Orc Fighter on Apr 20, 2016.
             Was a High Priest of Makhleb.
             Slain by a 15-headed hydra (1 damage)
             ... on level 7 of the Lair of Beasts.
             The game lasted 00:53:29 (22647 turns).

Etesian the Severer (Hill Orc Fighter)             Turns: 22647, Time: 00:53:30

HP:   0/124 (125)   AC: 34    Str: 22 (24) XL:     14   Next: 19%
MP:   0/24          EV:  6    Int:  0 (4)  God:    Makhleb [*****.]
Gold: 1225          SH: 14    Dex: 15      Spells: 2 memorised, 9 levels left

rFire  . . .     SeeInvis .     a - +1 war axe (protect)
rCold  . . .     Gourm    .     i - +0 plate armour
rNeg   . . .     Faith    .     c - +1 shield
rPois  .         Spirit   +     K - +1 hat {Spirit}
rElec  .         Dismiss  .     y - +0 cloak
rCorr  .         Reflect  .     o - +1 pair of gloves
SustAt .         Harm     .     E - +0 pair of boots
MR     +....                    (no amulet)
Stlth  ..........               u - +6 ring of protection
                                n - +5 ring of dexterity

@: slowed, lost intelligence, very slow, somewhat resistant to hostile
enchantments, extremely unstealthy
A: thin metallic scales 1, deterioration 1, dopey 2, mutation resistance 1
a: Minor Destruction, Lesser Servant of Makhleb, Major Destruction, Greater
Servant of Makhleb, Renounce Religion


You were on level 7 of the Lair of Beasts.
You worshipped Makhleb.
Makhleb was extremely pleased with you.
You were not hungry.

You visited 3 branches of the dungeon, and saw 18 of its levels.
You also visited: Labyrinth and Ice Cave.

You collected 1225 gold pieces.

Inventory:

Hand Weapons
 a - a +1 war axe of protection (weapon)
Armour
 c - a +1 shield (worn)
 i - a +0 plate armour (worn)
 o - a +1 pair of gloves (worn)
 y - a +0 cloak (worn)
 E - a +0 pair of boots (worn)
 K - a +1 hat of spirit shield (worn)
Jewellery
 l - an uncursed ring of poison resistance
 n - a +5 ring of dexterity (left hand)
 u - a +6 ring of protection (right hand)
 C - the ring of Freedom {Wiz rC+, unknown}
   (You took it off a minotaur in a labyrinth)

   [ring of wizardry]

   It improves your spell success rate.
   It protects you from cold.
 N - an uncursed amulet of regeneration {unknown}
 R - a cursed -3 ring of evasion {unknown}
Wands
 v - a wand of disintegration (10/24)
 D - a wand of flame (4/48)
 H - a wand of lightning (5/15)
 M - a wand of lightning (7/15)
 O - a wand of lightning (10/15)
Scrolls
 h - 7 scrolls of recharging
 j - 9 scrolls of remove curse
 x - 5 scrolls of teleportation
 B - a scroll of fear
 I - 5 scrolls of enchant weapon
 J - a scroll of blinking
 P - a scroll of fog
 Q - 2 scrolls of identify
Potions
 b - 3 potions of ambrosia
 d - 2 potions of might
 e - 4 potions of magic
 p - 4 potions of flight
 q - 8 potions of curing
 s - 6 potions of lignification
 t - 3 potions of cancellation
 w - 2 potions of agility
 z - 5 potions of heal wounds
 A - a potion of resistance
 F - 2 potions of haste
Books
 G - Etzaik Jeli's Papyrus of Aid
   (You found it in a labyrinth)

   Spells                             Type                      Level
   a - Infusion                       Charms                       1
   b - Repel Missiles                 Charms/Air                   2
   c - Shroud of Golubria             Charms/Translocation         2
   d - Ozocubu's Armour               Charms/Ice                   3
 L - a book of Transfigurations

   Spells                             Type                      Level
   a - Irradiate                      Conjuration/Transmutation    5
   b - Statue Form                    Transmutation/Earth          6
   c - Hydra Form                     Transmutation                6
   d - Dragon Form                    Transmutation                7
Comestibles
 f - 7 bread rations
 g - 2 meat rations
 k - 5 beef jerkies
 m - 5 slices of pizza
 r - 12 fruits
 S - a royal jelly


   Skills:
 + Level 11.9 Fighting
 * Level 17.0 Axes
 + Level 11.4 Armour
 + Level 11.1 Shields
 * Level 13.5 Invocations


You had 9 spell levels left.
You knew the following spells:

 Your Spells              Type           Power        Failure   Level  Hunger
a - Blink                 Tloc           N/A          100%        2    ###....
b - Repel Missiles        Chrm/Air       #.....       100%        2    ###....


Dungeon Overview and Level Annotations

Branches:
Dungeon (10/15)            Temple (1/1) D:6            Lair (7/8) D:10
 Shoals (0/4) Lair:4       Spider (0/4) Lair:5        Slime (0/6) Lair:6
    Orc: D:9-12

Altars:
Ashenzari
Cheibriados
Dithmenos
Elyvilon
Fedhas
Gozag
Kikubaaqudgha
Makhleb
Nemelex Xobeh
Pakellas
Qazlal
Sif Muna
Trog
Zin
Jiyva

Shops:
D:7 (


Innate Abilities, Weirdness & Mutations

You are partially covered in thin metallic scales (AC +2).
Your body sometimes deteriorates upon taking damage.
You are very dopey. (Int -4)
You are somewhat resistant to further mutation.


Message History

You kill the yak!
Makhleb accepts your kill.
You hit the yak but do no damage.
The yak is heavily wounded.
You lop one of the 14-headed hydra's heads off!
The 13-headed hydra grows two more!
You slash the 15-headed hydra!
The 15-headed hydra is almost dead.
You slash the yak!
The yak is almost dead.
You block the yak's attack. The yak gores you but does no damage.
The 15-headed hydra bites you!
* * * LOW MAGIC WARNING * * *;
* * * LOW HITPOINT WARNING * * *
The 15-headed hydra bites you but does no damage.
You block the 15-headed hydra's attack. x3
The 15-headed hydra barely misses you.
The 15-headed hydra bites you but does no damage.
The 15-headed hydra bites you.
* * * LOW HITPOINT WARNING * * *
The 15-headed hydra bites you.
You die...

....................#.#.
P.........#..#........#.
##.......###.#....P##.
##....#####.#.PP...###
#.#..## ##..PPPP....
##....## #.PPP<.....
##.....# #...#P.....
###.....## ###.#...P[.
#.....Y@## ########....
#.....YYD##.P.... #..#.
#.#............# #...#
##.........P......
...... #....#...........
...... #...##...........
.. .... #........... .
#.. ............
.........P...


You could see a 15-headed hydra and 3 yaks.

Vanquished Creatures
  Gastronok (Lair:3)
  Maud (Lair:5)
  A minotaur (Lab)
  Harold (Lair:1)
  4 hydras
  A hill giant (D:10)
  Pikel (D:6)
  A necromancer (IceCv)
  2 griffons
  13 elephants
  2 black mambas
  4 ice statues (IceCv)
  12 spiny frogs
  The ghost of Potsanchik the Gouger, a novice FeCK of Xom (D:6)
  A rime drake (Lair:4)
  5 komodo dragons
  8 ice devils (IceCv)
  2 trolls
  Prince Ribbit (D:5)
  15 blink frogs
  A redback (Lair:5)
  Sigmund (D:5)
  15 yaks
  A basilisk (Lair:6)
  8 hippogriffs
  Edmund (D:5)
  Menkaure (D:5)
  5 swamp worms (Lair:2)
  3 wargs (D:10)
  12 water moccasins
  A slave (D:6)
  Duvessa (D:5)
  15 porcupines
  2 ice beasts
  An eye of draining (D:9)
  5 sky beasts
  A necrophage (D:7)
  2 orc warriors
  3 phantoms (D:5)
  3 centaurs
  12 wolves
  5 ogres
  7 crocodiles
  Blork the orc (D:5)
  A big kobold (D:9)
  10 giant frogs
  Dowan (D:6)
  4 scorpions
  6 killer bees (D:7)
  6 wights
  An electric eel (Lair:1)
  6 howler monkeys
  4 crimson imps
  3 giant frog zombies
  3 draconian simulacra (IceCv)
  2 centaur zombies
  10 orc priests
  3 centaur skeletons
  A giant frog skeleton (D:5)
  9 hounds
  4 jellies
  Ijyb (D:1)
  Natasha (thrice) (D:2)
  6 iguanas
  11 orc wizards
  A spriggan simulacrum (IceCv)
  3 troll simulacra (IceCv)
  7 worker ants
  4 sheep (Lair:1)
  3 hound zombies
  A worker ant zombie (D:5)
  A howler monkey zombie (D:8)
  8 gnolls
  36 river rats
  5 adders
  3 ogre simulacra (IceCv)
  A shadow imp (D:5)
  2 adder skeletons (D:4)
  14 worms
  2 dart slugs
  6 giant geckos
  41 orcs
  7 giant cockroaches
  5 goblins
  4 hobgoblins
  6 jackals
  5 quokkas
  3 ball pythons
  10 bats
  2 giant newts
  A jackal skeleton (D:8)
  12 kobolds
  A quokka skeleton (D:8)
  10 rats
  5 fungi
  2 plants (Lair:7)
490 creatures vanquished.

Vanquished Creatures (collateral kills)
  A hydra (Lair:7)
  An elephant (Lair:7)
  A worm (Lair:2)
3 creatures vanquished.

Vanquished Creatures (others)
  A water moccasin (D:6)
  2 slaves (D:6)
  An orc wizard (D:6)
  5 fungi
  9 plants
18 creatures vanquished.

Grand Total: 511 creatures vanquished

Notes
Turn   | Place    | Note
--------------------------------------------------------------
     0 | D:1      | Etesian the Hill Orc Fighter began the quest for the Orb.
     0 | D:1      | Reached XP level 1. HP: 19/19 MP: 1/1
   136 | D:1      | Reached skill level 3 in Axes
   262 | D:1      | Reached XP level 2. HP: 27/27 MP: 2/2
   689 | D:2      | Reached XP level 3. HP: 32/33 MP: 3/3
   749 | D:2      | Noticed Natasha
   753 | D:2      | Killed Natasha
   753 | D:2      | Reached skill level 4 in Axes
   754 | D:2      | Reached XP level 4. HP: 35/40 MP: 4/4
   770 | D:2      | Noticed Natasha
   777 | D:2      | Killed Natasha
   859 | D:2      | Noticed Ijyb
   880 | D:1      | Killed Ijyb
   934 | D:2      | Reached XP level 5. HP: 46/46 MP: 5/5
   970 | D:2      | Noticed Natasha
   986 | D:2      | Killed Natasha
  1674 | D:2      | Found an ancient bone altar of Kikubaaqudgha.
  1674 | D:2      | Found a snail-covered altar of Cheibriados.
  1749 | D:3      | Noticed an orc warrior
  1788 | D:2      | Reached skill level 5 in Axes
  2145 | D:2      | Killed an orc warrior
  2145 | D:2      | Reached XP level 6. HP: 3/53 MP: 6/6
  2730 | D:3      | Reached skill level 6 in Axes
  3009 | D:3      | Found a glowing silver altar of Zin.
  3012 | D:3      | Found a white marble altar of Elyvilon.
  3015 | D:3      | Found a deep blue altar of Sif Muna.
  3081 | D:3      | Reached skill level 5 in Shields
  3231 | D:4      | Reached XP level 7. HP: 60/60 MP: 7/7
  3525 | D:4      | Found a sparkling altar of Nemelex Xobeh.
  3670 | D:4      | Reached skill level 5 in Fighting
  3736 | D:4      | Reached skill level 5 in Armour
  4232 | D:5      | Entered Level 5 of the Dungeon
  4318 | D:5      | Noticed Blork the orc
  4326 | D:5      | Killed Blork the orc
  4326 | D:5      | Reached skill level 7 in Axes
  4397 | D:5      | Noticed Sigmund
  4602 | D:4      | Reached XP level 8. HP: 66/69 MP: 8/8
  4633 | D:5      | Killed Sigmund
  4633 | D:5      | Reached skill level 8 in Axes
  4744 | D:5      | Found an oddly glowing altar of Pakellas.
  4751 | D:5      | Noticed Edmund
  4772 | D:5      | Killed Edmund
  4778 | D:5      | Reached skill level 9 in Axes
  5037 | D:5      | Noticed Menkaure
  5053 | D:5      | Killed Menkaure
  5053 | D:5      | Reached XP level 9. HP: 38/78 MP: 9/9
  5271 | D:5      | Gained mutation: You are somewhat resistant to further mutation. [mutagenic meat]
  5272 | D:5      | Gained mutation: You are dopey. (Int -2) [mutagenic meat]
  5273 | D:5      | Gained mutation: You are partially covered in thin metallic scales (AC +2). [mutagenic meat]
  5275 | D:5      | Gained mutation: Your body sometimes deteriorates upon taking damage. [potion of mutation]
  5484 | D:5      | Reached skill level 10 in Axes
  5559 | D:6      | Noticed Potsanchik's ghost (novice FeCK)
  6235 | D:6      | Noticed Prince Ribbit
  6236 | D:6      | Noticed Duvessa
  6237 | D:6      | Noticed Dowan
  6256 | D:6      | Killed Dowan
  6376 | D:5      | Killed Duvessa
  6385 | D:5      | Killed Prince Ribbit
  6425 | D:6      | Learned a level 2 spell: Blink
  6428 | D:6      | Learned a level 2 spell: Repel Missiles
  6452 | D:6      | Noticed Pikel
  6519 | D:6      | Killed Pikel
  6519 | D:6      | Reached skill level 11 in Axes
  6788 | D:6      | Reached XP level 10. HP: 88/88 MP: 10/10
  6802 | D:6      | Found a shattered altar of Ashenzari.
  7235 | D:6      | Found a staircase to the Ecumenical Temple.
  7258 | Temple   | Entered the Ecumenical Temple
  7267 | Temple   | Became a worshipper of Makhleb the Destroyer
  7316 | D:6      | Killed Potsanchik's ghost
  7316 | D:6      | Reached skill level 12 in Axes
  7316 | D:6      | Reached skill level 1 in Invocations
  8118 | D:7      | Reached * piety under Makhleb
  8140 | D:7      | Found a blossoming altar of Fedhas.
  8249 | D:7      | Found Qoulyoru's Antique Weapon Shop.
  8904 | D:7      | Found a bloodstained altar of Trog.
  9759 | D:8      | Reached skill level 5 in Invocations
  9936 | D:9      | Reached ** piety under Makhleb
 10433 | D:9      | Reached XP level 11. HP: 70/94 MP: 15/15
 10804 | D:10     | Entered Level 10 of the Dungeon
 10946 | D:10     | Reached skill level 13 in Axes
 11227 | D:10     | Reached *** piety under Makhleb
 11238 | D:10     | Found a staircase to the Lair.
 11414 | D:10     | Noticed a hill giant
 11570 | D:10     | Killed a hill giant
 12190 | Lair:1   | Entered Level 1 of the Lair of Beasts
 12465 | Lair:1   | Reached **** piety under Makhleb
 12777 | Lair:1   | Noticed Harold
 12835 | Lair:1   | Killed Harold
 12938 | Lair:1   | Reached skill level 14 in Axes
 13272 | Lair:1   | Reached XP level 12. HP: 72/105 MP: 18/18
 13653 | Lair:2   | Reached skill level 10 in Fighting
 14154 | Lair:2   | Noticed a seven-headed hydra
 14171 | Lair:2   | Killed a 15-headed hydra
 14480 | Lair:2   | Reached skill level 10 in Armour
 14484 | Lair:2   | Reached skill level 10 in Invocations
 14726 | Lair:2   | Reached ***** piety under Makhleb
 15126 | Lair:2   | Noticed a six-headed hydra
 15140 | Lair:2   | Killed a 12-headed hydra
 15736 | Lair:3   | Noticed Gastronok
 15764 | Lair:3   | Killed Gastronok
 15764 | Lair:3   | Reached skill level 15 in Axes
 15764 | Lair:3   | Reached skill level 10 in Shields
 16817 | Lair:4   | Found a frozen archway.
 16831 | IceCv    | Entered an ice cave
 17061 | IceCv    | Reached XP level 13. HP: 47/114 MP: 10/21
 19294 | Lair:4   | Found a staircase to the Shoals.
 19644 | Lair:4   | Got a distressingly furry ring mail
 19655 | Lair:4   | Identified the +3 ring mail of the Snake Pit {*Contam rPois Int-3 Dex+8} (You found it on level 4 of the Lair of Beasts)
 19702 | Lair:4   | Gained mutation: You are very dopey. (Int -4) [mutagenic glow]
 20083 | Lair:5   | Found a hole to the Spider Nest.
 20569 | Lair:5   | Noticed Maud
 20727 | Lair:5   | Killed Maud
 20727 | Lair:5   | Reached skill level 16 in Axes
 21262 | Lair:6   | Found a labyrinth entrance.
 21334 | Lab      | Entered a labyrinth
 21645 | Lab      | Noticed a minotaur
 21650 | Lab      | Lost intelligence.
 21658 | Lab      | Killed a minotaur
 21660 | Lab      | Got a translucent ivory ring
 21669 | Lab      | Identified Etzaik Jeli's Papyrus of Aid
 21699 | Lair:6   | Lost intelligence.
 21723 | Lair:6   | Found a viscous altar of Jiyva.
 21724 | Lair:6   | Found a staircase to the Slime Pits.
 22201 | Lair:6   | Reached XP level 14. HP: 124/124 MP: 23/23
 22380 | Lair:7   | Reached skill level 17 in Axes
 22647 | Lair:7   | HP: 3/124 [15-headed hydra (9)]
 22647 | Lair:7   | HP: 1/124 [15-headed hydra (2)]
 22647 | Lair:7   | Slain by a 15-headed hydra

Vault maps used:
D:1:      dpeg_chamrin_arrival_tetris
D:2:      gammafunk_temple_overflow_pools, uniq_natasha, uniq_iyjb
D:3:      grunt_temple_overflow_diamond
D:4:      first_bread, grunt_ministairs_11, nemelex_deck
D:5:      grunt_ministairs_5, minmay_fountain_box, grunt_pakellas_salt,
          uniq_sigmund, uniq_menkaure, uniq_edmund, uniq_blork_the_orc
D:6:      ashenzari_conservatory_becter, temple_green, uniq_duvessa,
          uniq_prince_ribbit1, uniq_pikel
D:7:      mumra_celtic_spiral_tile, marbit_many_paths,
          nicolae_overflow_crystal_walls, serial_shops, shop
D:9:      serial_glass, glass_columns_a, glass_columns_a, glass_columns_b,
          glass_columns_c, glass_columns_a, glass_columns_b, glass_columns_a,
          glass_columns_b
D:10:     erik_lair_orcish_takeover, serial_co_window_serial, co_window_paths_a,
          co_window_paths_a, co_window_corner_a, co_window_paths_b,
          co_window_corner_a, co_window_broadway_c, co_window_of_opportunity_b,
          co_window_corner_b, co_window_broadway_a, co_window_unsneaky_path_b,
          co_window_cross_4, co_window_of_opportunity_c, co_window_4corner_a
Temple:   circular_temple_12
Lair:1:   uniq_harold
Lair:2:   worms_lemuel
Lair:3:   lemuel_fruit_tree, uniq_gastronok
Lair:4:   elwin_shoals_entry_rocks, portal_ice_cave_entry_pillars_01
Lair:5:   spider_nest_entry_a, uniq_maud
Lair:6:   slime_altar_1, lab_entry_generic, bh_autumn_forest_stairs,
          grunt_megastairs_1, lemuel_fruit_fields
Lab:      nicolae_lab_dead_adventurers
IceCv:    ice_cave_tombish

Skill      XL: |  1  2  3  4  5  6  7  8  9 10 11 12 13 14 |
---------------+-------------------------------------------+-----
Axes           | 3 4 5 6 7 9 11 12 14 15 16 17 | 17.0
Fighting       | 4 5 6 7 8 9 10 11 | 11.9
Shields        | 4 5 6 7 8 9 10 11 | 11.1
Armour         | 4 5 6 7 8 9 10 11 | 11.4
Invocations    | 6 8 11 13 | 13.5

Action                   |  1- 3 |  4- 6 |  7- 9 | 10-12 | 13-15 || total
-------------------------+-------+-------+-------+-------+-------++-------
Melee: War axe           |    75 |   206 |   467 |  1205 |   691 ||  2644
Invok: Minor Destruction |       |       |       |     9 |     4 ||    13
       Major Destruction |       |       |       |     3 |    13 ||    16
       Lesser Servant of |       |       |       |       |     2 ||     2
       Greater Servant o |       |       |       |       |     1 ||     1
  Use: Scroll            |       |     7 |    10 |    11 |     7 ||    35
       Potion            |       |       |     1 |     1 |     5 ||     7
 Stab: Distracted        |       |       |       |       |     2 ||     2
  Eat: Chunk             |       |     8 |    13 |    25 |     8 ||    54
       Meat ration       |       |       |     1 |     1 |     3 ||     5
       Royal jelly       |       |       |       |     1 |       ||     1
Armor: Scale mail        |     9 |       |       |       |       ||     9
       Plate armour      |    50 |   117 |   262 |   531 |   616 ||  1576
       Skin              |       |       |       |    99 |       ||    99
Dodge: Dodged            |     9 |    33 |    45 |   220 |   171 ||   478
Block: Shield            |    45 |   115 |   238 |   702 |   510 ||  1610
